 Dungeon Crawl Stone Soup version 0.29-a0-581-ge9a90b782e (webtiles) character file.

Game seed: 6052221011536859002

8603 Nedwor the Grappler (level 11, -4/110 HPs)
             Began as a Troll Monk on June 14, 2022.
             Slain by a komodo dragon (11 damage)
             ... on level 6 of the Lair of Beasts.
             The game lasted 00:19:10 (7620 turns).

Nedwor the Grappler (Troll Monk)                    Turns: 7620, Time: 00:19:12

Health: -4/110     AC:  8    Str: 25    XL:     11   Next: 12%
Magic:  10/10      EV: 12    Int:  6    God:
Gold:   699        SH:  0    Dex: 12    Spells: 10/10 levels left

rFire   + . .      SeeInvis +     - Unarmed
rCold   . . .      Faith    .   (no shield)
rNeg    . . .      Spirit   .   c - +1 robe {rF+}
rPois   .          Reflect  .   l - +2 hat
rElec   .          Harm     .   h - +0 cloak
rCorr   +          Rampage  .   (gloves unavailable)
Will    .....                   (boots unavailable)
Stlth   ++........              (no amulet)
HPRegen 1.08/turn               t - ring of resist corrosion
MPRegen 0.12/turn               v - ring of see invisible

@: lethally poisoned (-4 -> -15), hasted, very quick
A: large, unfitting armour, claws 3, regeneration 1, shaggy fur 1, tough skin 1
a: no special abilities


You were on level 6 of the Lair of Beasts.
You visited 3 branches of the dungeon, and saw 15 of its levels.
You also visited: Sewer.

You collected 699 gold pieces.

Inventory:

Armour
 c - a +1 robe of fire resistance (worn)
 h - a +0 cloak (worn)
 l - a +2 hat (worn)
Jewellery
 t - a ring of resist corrosion (left claw)
 u - an amulet of magic regeneration
 v - a ring of see invisible (right claw)
Wands
 i - a wand of flame (18)
 y - a wand of paralysis (4)
Scrolls
 a - a scroll of magic mapping
 d - a scroll of fog
 f - 4 scrolls of teleportation
 k - a scroll of acquirement {unknown}
 p - 3 scrolls of enchant weapon
 r - a scroll of fear
 w - a scroll of torment {unknown}
Potions
 b - a potion of ambrosia
 e - 3 potions of heal wounds
 g - 12 potions of curing
 j - 2 potions of resistance
 m - a potion of berserk rage {unknown}
 n - a potion of haste
 o - 2 potions of brilliance {unknown}
 q - 3 potions of cancellation {unknown}
 s - 2 potions of magic {unknown}
 x - a potion of flight {unknown}


   Skills:
 + Level 7.7 Fighting
 + Level 7.7 Dodging
 - Level 1.0 Stealth
 * Level 12.6 Unarmed Combat


You had 10 spell levels left.
You didn't know any spells.
Your spell library contained the following spells:

 Spells                   Type           Power      Damage    Failure   Level
 Sandblast                Erth           0%         2d4       45%         1
 Ensorcelled Hibernation  Hex/Ice        0%         N/A       58%         2
 Passwall                 Tmut/Erth      0%         N/A       58%         2
 Stone Arrow              Conj/Erth      0%         3d7       83%         3
 Swiftness                Air            0%         N/A       83%         3


Dungeon Overview and Level Annotations

Branches:
Dungeon (8/15)             Temple (1/1) D:7            Lair (6/6) D:8
 Shoals (0/4) Lair:4        Slime (0/5) Lair:6        Sewer (visited)
  Snake: Lair:2-4    Spider: Lair:2-4

Altars:
Ashenzari
Cheibriados
Dithmenos
Elyvilon
Gozag
Hepliaklqana
Kikubaaqudgha
Makhleb
Nemelex Xobeh
Okawaru
Qazlal
Ru
Sif Muna
Trog
Uskayaw
Vehumet
Wu Jian
Xom
Yredelemnul
Zin
The Shining One

Shops:
D:3 (   D:5 :


Innate Abilities, Weirdness & Mutations

You are too large for most types of armour.
You have claws for hands.
Your natural rate of healing is unusually fast.
You are covered in fur. (AC +1)
You have tough skin. (AC +1)


Message History

You scratch the cane toad.
The cane toad is lightly wounded.
You claw the cane toad!
The cane toad is heavily wounded.
The cane toad stings you!
You are poisoned.
The cane toad poisons you! The komodo dragon bites you!
The komodo dragon closely misses you.
You claw the cane toad! Your claw misses the cane toad.
The cane toad is severely wounded.
You feel sick.
You scratch the cane toad.
The cane toad is severely wounded.
You feel sick. The cane toad stings you!
You are more poisoned.
The cane toad poisons you! The komodo dragon misses you.
You scratch the cane toad.
The cane toad is almost dead.
You feel very sick. The komodo dragon bites you!
The cane toad closely misses you.
You claw the komodo dragon!
The komodo dragon is lightly wounded.
You feel very sick. The komodo dragon bites you.
You barely miss the komodo dragon.
You feel very sick. The komodo dragon bites you!
* * * LOW HITPOINT WARNING * * *
The cane toad barely misses you.
You scratch the komodo dragon but do no damage.
The komodo dragon is lightly wounded.
You feel very sick.
The komodo dragon completely misses you.
You claw the komodo dragon! Your claw misses the komodo dragon.
The komodo dragon is moderately wounded.
You feel very sick. The cane toad stings you!
* * * LOW HITPOINT WARNING * * *
The komodo dragon bites you!
You die...

,*,,,**,,,*#......<......,,,,,,,,
,*,***,,,,##.............,,,,,,,,
**,**,,***#..............,,,,,,,,
*,,**,*,* #..............,,*,,,,,
*,***,,**##..............,**,,,,,
*,* *,,,*...............#,,*,,,,,
,,* **,**#......Y...P....**,,,,,,
,*****,,,......lFl#.P....*,,,,,,,
,+,,,**,,.......@##,#....,,,,,,,,
**,,,**,,...[....#***,...,,,,,**,
**,,,**,,........#***,,,#,,,,,,**
**,,,**,,.........**,,,,,,,,,,**
*,,,**,*.##.....#****,,,,,,,,*
*8,8**,,*#..#.### **,*,,,***
******,,*,#####* ****,,,*
,****,,,*** ***** ,,,,,,***


You could see 2 komodo dragons, a yak and a cane toad.

Vanquished Creatures
  4 elephants (Lair:1)
  Maggie (D:6)
  Psyche (D:8)
  A komodo dragon (Lair:5)
  5 blink frogs (Lair:1)
  Sigmund (D:2)
  6 yaks (Lair:1)
  A wyvern (Lair:5)
  A steam dragon (D:8)
  2 wargs (D:8)
  An acid dragon (D:8)
  A water moccasin (Lair:1)
  Duvessa (D:7)
  3 ice beasts
  An orc warrior (D:8)
  An ogre (D:5)
  2 black bears
  2 centaurs
  4 kobold brigands
  6 bullfrogs
  4 scorpions
  A necrophage (D:6)
  8 wights
  Dowan (D:7)
  9 killer bees (D:8)
  2 howler monkeys (D:5)
  2 jellies
  6 orc priests
  A hound (D:4)
  Terence (D:2)
  6 iguanas
  5 orc wizards (D:8)
  4 gnolls
  19 adders
  2 river rats (Sewer)
  4 white imps
  An ufetubus (D:3)
  2 worms
  3 dart slugs
  20 orcs
  26 ball pythons
  5 endoplasms
  3 giant cockroaches
  5 goblins
  8 hobgoblins
  9 jackals
  24 kobolds
  4 quokkas
  8 bats
  4 frilled lizards
  24 rats
266 creatures vanquished.

Vanquished Creatures (others)
  3 plants
3 creatures vanquished.

Grand Total: 269 creatures vanquished

Notes
Turn   | Place    | Note
-------+----------+-------------------------------------------
     0 | D:1      | Nedwor the Troll Monk began the quest for the Orb.
     0 | D:1      | Reached XP level 1. HP: 22/22 MP: 0/0
   183 | D:1      | Reached XP level 2. HP: 28/29 MP: 1/1
   277 | D:1      | Found a faded altar of an unknown god.
   293 | D:1      | Reached XP level 3. HP: 34/36 MP: 2/2
   587 | D:2      | Noticed Sigmund
   624 | D:2      | Killed Sigmund
   625 | D:2      | Reached skill level 4 in Unarmed Combat
   625 | D:2      | Reached XP level 4. HP: 20/45 MP: 3/3
   625 | D:2      | Reached XP level 5. HP: 24/53 MP: 4/4
   748 | D:2      | Reached skill level 5 in Unarmed Combat
   760 | D:2      | Noticed Terence
   784 | D:2      | Killed Terence
  1331 | D:3      | Reached XP level 6. HP: 57/58 MP: 5/5
  1334 | D:3      | Found Getsal's Antique Weapon Shoppe.
  1506 | D:3      | Found a glowing drain.
  1520 | Sewer    | Entered a sewer
  1786 | Sewer    | Reached skill level 6 in Unarmed Combat
  1786 | Sewer    | Reached XP level 7. HP: 28/68 MP: 6/6
  2357 | D:4      | Found a burning altar of Makhleb.
  2777 | D:4      | Found a white marble altar of Elyvilon.
  2972 | D:5      | Entered Level 5 of the Dungeon
  2972 | D:5      | Found Wuabab's Book Boutique.
  2998 | D:5      | Identified the +1 pair of gloves of an ossuary {rElec SInv}
  3167 | D:5      | Reached skill level 7 in Unarmed Combat
  3197 | D:5      | Reached XP level 8. HP: 64/79 MP: 7/7
  3252 | D:5      | Found a sparkling altar of Nemelex Xobeh.
  3795 | D:6      | Reached skill level 5 in Fighting
  3795 | D:6      | Reached skill level 5 in Dodging
  3795 | D:6      | Reached skill level 8 in Unarmed Combat
  3873 | D:6      | Found a sacrificial altar of Ru.
  4141 | D:6      | Found a shadowy altar of Dithmenos.
  4160 | D:6      | Found an opulent altar of Gozag.
  4248 | D:6      | Noticed Maggie
  4268 | D:6      | Killed Maggie
  4269 | D:6      | Reached skill level 9 in Unarmed Combat
  4269 | D:6      | Reached XP level 9. HP: 53/88 MP: 8/8
  4589 | D:7      | Noticed Dowan
  4590 | D:7      | Noticed Duvessa
  4606 | D:7      | Killed Dowan
  4835 | D:7      | Killed Duvessa
  4900 | D:7      | Identified the +4 trident "Vuelifaw" {holy, *Slow rCorr
                  | Str+10}
  5882 | D:7      | Found a staircase to the Ecumenical Temple.
  5892 | Temple   | Entered the Ecumenical Temple
  6004 | D:7      | Reached skill level 10 in Unarmed Combat
  6329 | D:8      | Reached XP level 10. HP: 82/100 MP: 9/9
  6390 | D:8      | Found a radiant altar of Vehumet.
  6390 | D:8      | Noticed Psyche
  6393 | D:8      | Killed Psyche
  6499 | D:8      | Found an ornate altar of the Wu Jian Council.
  6519 | D:8      | Found a staircase to the Lair.
  6537 | D:8      | Reached skill level 11 in Unarmed Combat
  7111 | Lair:1   | Entered Level 1 of the Lair of Beasts
  7111 | Lair:1   | Noticed an elephant
  7111 | Lair:1   | Noticed an elephant
  7111 | Lair:1   | Noticed an elephant
  7114 | Lair:1   | Noticed an elephant
  7124 | Lair:1   | Killed an elephant
  7129 | Lair:1   | Killed an elephant
  7140 | Lair:1   | Killed an elephant
  7144 | Lair:1   | HP: 3/102 [elephant (5)]
  7147 | Lair:1   | Killed an elephant
  7284 | Lair:1   | Reached skill level 12 in Unarmed Combat
  7400 | Lair:1   | Reached XP level 11. HP: 97/109 MP: 10/10
  7524 | Lair:4   | Found a staircase to the Shoals.
  7602 | Lair:5   | Noticed a catoblepas
  7605 | Lair:6   | Entered Level 6 of the Lair of Beasts
  7620 | Lair:6   | Slain by a komodo dragon

Illustrated notes

Levels and vault maps discovered:
D:1:      erik_arrival_blinker_ship, layout_rooms, shapermc_ecumenical_altar_gd
D:2:      layout_basic, uniq_terence, uniq_sigmund
D:3:      layout_basic, serial_shops, shop, portal_sewer_entry_a,
          minmay_shallow_snake_nest
D:4:      layout_loops_ring, mainiacjoe_overflow_small_starburst,
          mainiacjoe_overflow_brackets
D:5:      layout_loops_ring, nemelex_spade_bored_becter, serial_shops,
          nicolae_shop_hallway_stairs, grunt_ministairs_12
D:6:      layout_basic, nicolae_overflow_crystal_walls, general_overflow_altar,
          lemuel_coloured_pillars_altar, uniq_maggie
D:7:      layout_basic, minmay_temple_entry_mist, kennysheep_dice, uniq_duvessa
D:8:      layout_loops_ring, vehumet_crystals, amcnicky_altar_gilded,
          erik_lair_orcish_takeover, uniq_psyche
Temple:   cyrus_circular_temple
Lair:1:   layout_cave_pods, serial_bayou_shore_a
Lair:2:   layout_regular_city, dummy_spider_entry, dreamdust_gnoll_shepherd
Lair:3:   layout_regular_city, portal_ice_cave_entry_pillars_2
Lair:4:   layout_roguey, elwin_shoals_entry_rocks, infiniplex_staircase_pool,
          grunt_megastairs_2
Lair:5:   layout_loops_ring, ebering_ghost_inner_flame, lemuel_fruit_fields
Lair:6:   due_jungle_book, layout_misc_corridors, minmay_slime_entry_oklob_open,
          special_room [special_room_jelly], uniq_urug

Skill      XL: |  1  2  3  4  5  6  7  8  9 10 |
---------------+-------------------------------+-----
Fighting       | 3 4 5 6 7 |  7.7
Dodging        | 3 4 5 6 7 |  7.7
Unarmed Combat | 4 5 6 7 9 10 12 | 12.6
Stealth        | |  1.0

Action                   |  1- 3 |  4- 6 |  7- 9 | 10-12 || total
-------------------------+-------+-------+-------+-------++-------
Melee: Unarmed           |    93 |   168 |   344 |   170 ||   775
       Punch             |     2 |     5 |    13 |     7 ||    27
  Use: Scroll            |       |       |    17 |     3 ||    20
       Potion            |       |       |     1 |     2 ||     3
 Stab: Sleeping          |     2 |     3 |     3 |       ||     8
Armor: Robe              |    36 |   112 |    71 |    52 ||   271
Dodge: Dodged            |    44 |   162 |   185 |   101 ||   492

Table legend: (Time is in decaauts)
 A = Elapsed time spent in this place.
 B = Non-inter-level travel time spent in this place.
 C = Inter-level travel time spent in this place.
 D = Time resting spent in this place.
 E = Time spent auto-exploring this place.
 F = Levels seen in this place.
 G = Mean time per level.
                   A        B        C        D        E       F      G
               +--------+--------+--------+--------+--------+-----+--------+
         Total |   7537 |   7246 |    291 |    927 |   4428 |  16 |  471.1 |
       Dungeon |   6763 |   6511 |    252 |    877 |   4225 |   8 |  845.4 |
        Temple |     60 |     43 |     17 |      0 |     31 |   1 |   60.0 |
          Lair |    400 |    379 |     21 |     50 |     33 |   6 |   66.7 |
         Sewer |    312 |    312 |      0 |      0 |    138 |   1 |  312.0 |
               +--------+--------+--------+--------+--------+-----+--------+

Top non-repeatable levels by time:
     D:7: 1578 daAuts
     D:8: 980 daAuts
     D:2: 810 daAuts
     D:6: 786 daAuts
     D:5: 753 daAuts
     D:3: 737 daAuts
     D:4: 609 daAuts
     D:1: 506 daAuts
   Sewer: 312 daAuts
  Lair:1: 249 daAuts
  Temple: 60 daAuts
  Lair:4: 51 daAuts
  Lair:2: 43 daAuts
  Lair:5: 34 daAuts
  Lair:3: 10 daAuts
